 Dungeon Crawl Stone Soup version 0.18.1-48-g4cf74bf (webtiles) character file.

2552 atgrul the Geomancer (level 9, -7/52 HPs)
             Began as a Gargoyle Earth Elementalist on July 28, 2016.
             Mangled by Inkary's ghost (9 damage)
             ... on level 6 of the Dungeon.
             The game lasted 00:50:25 (8899 turns).

atgrul the Geomancer (Gargoyle Earth Elementalist)  Turns: 8899, Time: 00:50:26

Health: -7/52      AC:  9    Str: 14    XL:     9   Next: 56%
Magic:  27/27      EV: 12    Int: 17    God:
Gold:   261        SH:  0    Dex: 10    Spells: 3 memorised, 11 levels left

rFire  . . .     SeeInvis .     x - +0 rapier (venom)
rCold  . . .     Gourm    .     a - +0 robe
rNeg   + . .     Faith    .     (no shield)
rPois  ∞         Spirit   .     (no helmet)
rElec  +         Dismiss  .     G - +0 cloak
rCorr  .         Reflect  .     (no gloves)
SustAt .         Harm     .     D - +0 pair of boots
MR     .....                    e - amulet of magic regeneration
Stlth  ++........               (no ring)
                                h - ring of magical power

@: not resistant to hostile enchantments, unstealthy
A: negative energy resistance 1, electricity resistance, unbreathing,
petrification resistance, rot immunity, AC +5
a: no special abilities


You were on level 6 of the Dungeon.
You were not hungry.

You visited 2 branches of the dungeon, and saw 8 of its levels.

You collected 261 gold pieces.

Inventory:

Hand Weapons
 f - a +0 dagger
 x - a +0 rapier of venom (weapon)
Missiles
 b - 258 stones (quivered)
Armour
 a - a +0 robe (worn)
 m - a +0 pair of boots
 D - a +0 pair of boots (worn)
 G - a +0 cloak (worn)
Jewellery
 e - an amulet of magic regeneration (around neck)
 h - a ring of magical power (left hand)
 p - a cursed ring of protection from magic {unknown}
Wands
 d - a wand of flame (21/48)
 y - a wand of random effects (37/48)
Scrolls
 g - 2 scrolls of enchant weapon {unknown}
 i - 2 scrolls of amnesia
 r - a scroll of random uselessness {unknown}
 s - a scroll of enchant armour {unknown}
 t - 2 scrolls of remove curse
 u - a scroll of immolation {unknown}
 v - 3 scrolls of teleportation
 z - a scroll of magic mapping {unknown}
 A - a scroll of recharging {unknown}
 C - a scroll of noise {unknown}
 E - a scroll of fear {unknown}
 F - a scroll of identify
Potions
 k - 3 potions of flight
 l - 2 potions of cancellation
 q - a potion of heal wounds {unknown}
 w - 3 potions of curing
 B - a potion of invisibility {unknown}
Books
 c - a book of Geomancy

   Spells                             Type                      Level
   a - Sandblast                      Earth                        1
   b - Passwall                       Transmutation/Earth          2
   c - Stone Arrow                    Conjuration/Earth            3
   d - Petrify                        Transmutation/Earth          4
   e - Lee's Rapid Deconstruction     Earth                        5
Comestibles
 j - a meat ration
 o - 2 beef jerkies


   Skills:
 * Level 4.3 Fighting
 - Level 0.3 Throwing
 - Level 1.5 Dodging
 - Level 2.1 Stealth
 + Level 6.0 Spellcasting
 + Level 7.0 Conjurations
   Level 0.7 Transmutations
 - Level 10.0 Earth Magic


You had 11 spell levels left.
You knew the following spells:

 Your Spells              Type           Power        Failure   Level  Hunger
a - Sandblast             Erth           #####.       1%          1    None
b - Stone Arrow           Conj/Erth      ####..       1%          3    ##.....
c - Lee's Rapid Deconstr  Erth           #####.....   8%          5    #####..


Dungeon Overview and Level Annotations

Branches:
Dungeon (7/15)             Temple (1/1) D:5

Altars:
Ashenzari
Cheibriados
Dithmenos
Elyvilon
Gozag
Kikubaaqudgha
Makhleb
Nemelex Xobeh
Pakellas
Qazlal
Ru
Trog
Xom
Yredelemnul
The Shining One

Annotations:
D:6 Inkary's ghost, novice GrFi
D:7 Pikel


Innate Abilities, Weirdness & Mutations

You are resistant to torment.
Your stone body is resilient (AC +5).
You are immune to poison.
You resist negative energy.
You are resistant to electric shocks.
You can survive without breathing.
You are immune to petrification.
You are immune to rotting.


Message History

The wyvern zombie bites you.
* * * LOW HITPOINT WARNING * * *
You hit the wyvern zombie.
The wyvern zombie bites you but does no damage.
You hit the wyvern zombie but do no damage.
The wyvern zombie barely misses you. The wyvern zombie bites you.
* * * LOW HITPOINT WARNING * * *
You completely miss the wyvern zombie. The wyvern zombie barely misses you.
The wyvern zombie bites you but does no damage.
The wyvern zombie bites you!
* * * LOW HITPOINT WARNING * * *
You climb upwards.
Level annotation: Inkary's ghost, novice GrFi Inkary's ghost barely misses you.
There is a stone staircase leading down here.
Things that are here:
an animal skin; a human corpse
As you read the scroll of fog, it crumbles to dust.
The scroll dissolves into smoke.
Inkary's ghost hits you!
You die...

#.......#......................#
#.......#......................#
##.....##......................#
####.####......................#
......W.W..###############.....#
##....)....'.............#....[#
...........#..§§.[.......#.....#
...........#...§§§.......'.....#
...........#...§@W.##....#..(..#
...........#...§§§.##....#.....#
...........#..<§.........#.....#
##.........#.............#.....#
#.........#.............#.....#
#.........#.............#.....#
#.........#.............#.....#
#.........###############.....#
########### #######


You could see Inkary's ghost.

Vanquished Creatures
  Grinder (D:5)
  A hungry ghost (D:5)
  Duvessa (D:4)
  3 slaves (D:6)
  A phantom (D:5)
  A sky beast (D:5)
  2 orc warriors
  A necrophage (D:6)
  A centaur (D:5)
  2 ogres
  2 giant frogs
  Dowan (D:4)
  A scorpion (D:6)
  A howler monkey (D:5)
  7 orc priests
  2 jellies (D:6)
  3 hounds
  9 orc wizards
  3 iguanas
  5 worker ants
  2 hound zombies (D:5)
  A hound skeleton (D:7)
  A worker ant zombie (D:5)
  3 gnolls (D:6)
  15 adders
  2 oozes
  An adder zombie (D:5)
  2 adder skeletons (D:5)
  A worm (D:2)
  2 giant geckos (D:3)
  26 orcs
  3 giant cockroaches
  8 hobgoblins
  6 jackals
  2 quokkas (D:2)
  3 ball pythons
  10 bats
  9 giant newts
  4 goblins
  A jackal skeleton (D:7)
  3 kobolds
  6 rats
159 creatures vanquished.

Notes
Turn   | Place    | Note
--------------------------------------------------------------
     0 | D:1      | atgrul the Gargoyle Earth Elementalist began the quest for the Orb.
     0 | D:1      | Reached XP level 1. HP: 10/10 MP: 3/3
   227 | D:1      | Reached skill level 4 in Earth Magic
   521 | D:1      | Reached XP level 2. HP: 15/15 MP: 1/5
   835 | D:1      | Reached XP level 3. HP: 17/19 MP: 0/6
  1106 | D:2      | Reached skill level 5 in Earth Magic
  1363 | D:2      | Reached XP level 4. HP: 24/24 MP: 5/7
  1897 | D:3      | Reached skill level 6 in Earth Magic
  2162 | D:3      | Learned a level 3 spell: Stone Arrow
  2351 | D:3      | Reached XP level 5. HP: 27/28 MP: 8/8
  2521 | D:3      | Reached skill level 7 in Earth Magic
  2866 | D:4      | Noticed Duvessa
  2866 | D:4      | Noticed Dowan
  2969 | D:4      | Reached skill level 1 in Conjurations
  3091 | D:4      | Found an oddly glowing altar of Pakellas.
  3130 | D:4      | Noticed an ogre
  3141 | D:4      | Killed an ogre
  3141 | D:4      | Reached XP level 6. HP: 32/32 MP: 9/9
  3191 | D:4      | Learned a level 5 spell: Lee's Rapid Deconstruction
  3930 | D:5      | Entered Level 5 of the Dungeon
  4255 | D:5      | Noticed a phantom
  4312 | D:5      | Noticed a sky beast
  4336 | D:5      | Killed a sky beast
  4336 | D:5      | Reached skill level 8 in Earth Magic
  4336 | D:5      | Reached XP level 7. HP: 36/36 MP: 10/10
  4407 | D:5      | Noticed Grinder
  4600 | D:5      | Paralysed by Grinder for 4 turns
  5095 | D:4      | Killed Duvessa
  5125 | D:4      | Killed Dowan
  5226 | D:4      | Reached skill level 9 in Earth Magic
  5371 | D:5      | Reached skill level 5 in Conjurations
  5522 | D:5      | Reached XP level 8. HP: 41/41 MP: 8/11
  5705 | D:5      | Found a staircase to the Ecumenical Temple.
  5826 | D:5      | Reached skill level 10 in Earth Magic
  6267 | D:5      | Reached skill level 1 in Fighting
  6390 | Temple   | Entered the Ecumenical Temple
  6983 | D:6      | Found a white marble altar of Elyvilon.
  7195 | D:6      | Reached XP level 9. HP: 51/51 MP: 14/14
  7468 | D:6      | Noticed Inkary's ghost (novice GrFi)
  7492 | D:5      | Killed Grinder
  7908 | D:6      | Reached skill level 5 in Spellcasting
  8600 | D:7      | Noticed Pikel
  8790 | D:7      | Found a bloodstained altar of Trog.
  8896 | D:7      | HP: 1/52 [wyvern zombie (11)]
  8899 | D:6      | Mangled by Inkary's ghost

Skill      XL: |  1  2  3  4  5  6  7  8  9 |
---------------+----------------------------+-----
Earth Magic    | 4 5 6 7 8 9 10 | 10.0
Conjurations   | 3 4 5 6 7 |  7.0
Fighting       | 3 4 |  4.3
Spellcasting   | 3 6 |  6.0
Throwing       | |  0.3
Dodging        | |  1.5
Stealth        | |  2.1
Transmutations | |  0.7

Action                   |  1- 3 |  4- 6 |  7- 9 || total
-------------------------+-------+-------+-------++-------
Melee: Dagger            |    29 |    78 |     5 ||   112
       Rapier            |       |       |    85 ||    85
Throw: Stone             |     7 |    19 |    10 ||    36
 Cast: Sandblast         |    43 |   132 |   100 ||   275
       Stone Arrow       |       |    11 |    84 ||    95
       Lee's Rapid Decon |       |       |     5 ||     5
  Use: Scroll            |       |     2 |     6 ||     8
       Potion            |       |       |     2 ||     2
 Stab: Sleeping          |       |     1 |       ||     1
  Eat: Meat ration       |     1 |       |     2 ||     3
       Chunk             |       |     5 |       ||     5
       Beef jerky        |       |     1 |       ||     1
       Bread ration      |       |     1 |     2 ||     3
       Pizza             |       |       |     1 ||     1
       Fruit             |       |       |     4 ||     4
Armor: Robe              |    18 |    58 |    60 ||   136
Dodge: Dodged            |    36 |    88 |   115 ||   239
